 Dungeon Crawl Stone Soup version 0.23.1 (webtiles) character file.

Game seed: 16146882615970521348

113 Norn the Poker (level 4, -2/35 HPs)
             Began as a Merfolk Skald on Mar 10, 2019.
             Slain by Grinder (4 damage)
             ... while paralysed by Grinder
             ... on level 3 of the Dungeon.
             The game lasted 00:06:08 (3119 turns).

Norn the Poker (Merfolk Skald)                      Turns: 3119, Time: 00:06:08

Health: -2/35      AC:  3    Str: 11    XL:     4   Next: 96%
Magic:  2/7        EV:  2    Int: 13    God:
Gold:   141        SH:  0    Dex: 13    Spells: 1/7 levels left

rFire    . . .     SeeInvis .   a - +0 spear
rCold    . . .     Gourm    .   (no shield)
rNeg     . . .     Faith    .   b - +0 leather armour
rPois    .         Spirit   .   (no helmet)
rElec    .         Reflect  .   (no cloak)
rCorr    .         Harm     .   (no gloves)
MR       .....                  (no boots)
Stlth    +.........             (no amulet)
HPRegen  0.11/turn              (no ring)
MPRegen  0.10/turn              (no ring)

@: paralysed, very slightly contaminated
A: change form in water, swift swim, stealthy swim
a: no special abilities


You were on level 3 of the Dungeon.
You were hungry.

You visited 1 branch of the dungeon, and saw 3 of its levels.

You collected 141 gold pieces.

Inventory:

Hand Weapons
 a - a +0 spear (weapon)
Missiles
 m - a throwing net (quivered) {!f}
Armour
 b - a +0 leather armour (worn)
Jewellery
 i - an uncursed ring of poison resistance {unknown}
   (You found it on level 1 of the Dungeon)
Wands
 d - a wand of iceblast (4)
   (You found it on level 3 of the Dungeon)
Scrolls
 c - a scroll of amnesia {unknown}
 g - a scroll of enchant weapon {unknown}
 h - a scroll of fear {unknown}
 k - 2 scrolls of remove curse {unknown}
 l - a scroll of teleportation {unknown}
 o - a scroll of magic mapping {unknown}
Potions
 f - 2 potions of brilliance {unknown}
 j - a potion of flight {unknown}
 n - 2 potions of curing {unknown}
Comestibles
 e - 6 rations {!d}
 p - a chunk of flesh


   Skills:
 + Level 3.1 Fighting
 * Level 5.1 Polearms
 - Level 0.6 Armour
 + Level 3.7 Dodging
 - Level 2.0 Spellcasting
 + Level 3.9 Charms


You had one spell level left.
You knew the following spells:

 Your Spells              Type           Power        Failure   Level  Hunger
a - Infusion              Chrm           ##..         7%          1    ##.....
q - Shroud of Golubria    Chrm/Tloc      #.........   22%         2    ###....
t - Spectral Weapon       Hex/Chrm       #.......     41%         3    ####...

Your spell library contained the following spells:

 Spells                   Type           Power        Failure   Level  Hunger
 Animate Skeleton         Necr           N/A          32%         1    ##.....
 Apportation              Tloc           #.....       32%         1    ##.....
 Confusing Touch          Hex            #.....       32%         1    ##.....
 Summon Small Mammal      Summ           #...         32%         1    ##.....
 Song of Slaying          Chrm           ##......     10%         2    ###....
 Regeneration             Chrm/Necr      #.........   41%         3    ####...


Dungeon Overview and Level Annotations

Branches:
Dungeon (3/15)

Altars:

Annotations:
D:3 Grinder


Message History

A goblin is nearby!
There are monsters nearby!
Grinder shouts!
You hit the goblin.
Your magical infusion is running out.
The goblin unwields a +0 hunting sling.
The goblin wields a +0 club.
The goblin barely misses you.
You hit the goblin!
You kill the goblin!
Attack whom?
Aim: Grinder You reach to attack!
You hit Grinder.
You miscast Spectral Weapon.
You are very lightly contaminated with residual magic.
Your skin tingles.
You are feeling hungry.
Grinder blinks!
You don't have enough magic to cast that spell.
Grinder misses you.
Unknown command.
You are no longer magically infusing your attacks.
You see here a stone.
You see here a rat skeleton.
Aim: Grinder (lightly wounded)
The mass of ice explodes!
The iceblast engulfs Grinder!
Grinder partially resists.
Grinder blinks!
Aim: Grinder (moderately wounded)
The mass of ice explodes!
The iceblast engulfs Grinder!
Grinder partially resists.
Aim: Grinder (severely wounded)
The mass of ice explodes!
The iceblast engulfs Grinder!
Grinder partially resists.
You hit Grinder but do no damage. Grinder gestures at you.
Pain shoots through your body!
You barely miss Grinder. Grinder misses you.
You hit Grinder. Grinder hits you!
* * * LOW HITPOINT WARNING * * *
You writhe in agony.
* * * LOW HITPOINT WARNING * * *
Okay, then.
Grinder gestures at you.
You suddenly lose the ability to move!
Grinder gestures at you.
You shrug off the repeated paralysis!
Grinder hits you.
* * * LOW HITPOINT WARNING * * *
You writhe in agony.
You die...

#.#.#.#........# #.##.....).
#.#.#...#####..# #.##.......
#.#<##..# #..# #.##.......
..#.##..# #..# #..........
#######.## #..# ####.......
....###..####..###### ######+#
###.#......##......... #
..#†#..........##################
................@5...............
#.###...÷..#####...#.########.###
#.# #......# #...#÷# ####.### #.#
######..# #####.# #....... #.#
##.########(# #....... #<#
#.##...)...# #....... ###
...........# #.......
...........# #.......
...........# ####.##.


You could see Grinder.

Vanquished Creatures
  Terence (D:2)
  A hound skeleton (D:3)
  3 adders (D:3)
  A dart slug (D:3)
  A leopard gecko (D:1)
  A giant cockroach (D:1)
  4 hobgoblins
  4 jackals (D:1)
  2 ball pythons
  2 bats
  2 frilled lizards
  8 goblins
  11 kobolds
  4 rats
45 creatures vanquished.

Notes
Turn   | Place    | Note
-------+----------+-------------------------------------------
     0 | D:1      | Norn the Merfolk Skald began the quest for the Orb.
     0 | D:1      | Reached XP level 1. HP: 16/16 MP: 3/3
   117 | D:1      | Reached XP level 2. HP: 19/23 MP: 5/5
  1203 | D:2      | Noticed Terence
  1208 | D:2      | Learned a level 2 spell: Shroud of Golubria
  1513 | D:2      | Reached XP level 3. HP: 27/28 MP: 3/6
  1519 | D:2      | Reached skill level 4 in Polearms
  1524 | D:2      | Learned a level 3 spell: Spectral Weapon
  1551 | D:2      | Killed Terence
  1983 | D:2      | Reached XP level 4. HP: 34/34 MP: 4/7
  2191 | D:3      | Noticed Grinder
  2732 | D:3      | Reached skill level 5 in Polearms
  3116 | D:3      | Paralysed by Grinder for 5 turns
  3119 | D:3      | Slain by Grinder

Skill      XL: |  1  2  3  4 |
---------------+-------------+-----
Dodging        | 3 |  3.7
Polearms       | 4 5 |  5.1
Fighting       | 3 |  3.1
Armour         | |  0.6
Spellcasting   | |  2.0
Charms         | |  3.9

Action                   |  1- 3 |  4- 6 || total
-------------------------+-------+-------++-------
Melee: Spear             |   113 |    71 ||   184
 Cast: Infusion          |    15 |     7 ||    22
       Shroud of Golubri |     1 |       ||     1
       Spectral Weapon   |     1 |     1 ||     2
Evoke: Wand              |       |     3 ||     3
  Eat: Ration            |     1 |       ||     1
       Chunk             |       |     4 ||     4
Armor: Leather armour    |    13 |     3 ||    16
Dodge: Dodged            |    65 |    35 ||   100
